 Dungeon Crawl Stone Soup version 0.28.0-43-g3370ac3207 (webtiles) character file.

Game seed: 5968965629213048443

3648 CryoSword the Carver (level 9, -1/81 HPs)
             Began as a Deep Dwarf Fighter on Mar 24, 2022.
             Was a Believer of Makhleb.
             Slain by an orc warrior
             ... wielding a +0 glaive
              (21 damage)
             ... on level 8 of the Dungeon.
             The game lasted 00:15:21 (6190 turns).

CryoSword the Carver (Deep Dwarf Fighter)           Turns: 6190, Time: 00:15:22

Health: -1/81      AC: 14    Str: 20    XL:     9   Next: 88%
Magic:  5/5        EV:  7    Int: 13    God:    Makhleb [**....]
Gold:   385        SH:  5    Dex: 12    Spells: 6/8 levels left

rFire   . . .      SeeInvis +   r - +3 long sword (vamp)
rCold   . . .      Faith    .   c - +0 buckler
rNeg    . . .      Spirit   .   p - +0 chain mail {Will+}
rPois   .          Reflect  .   u - +2 helmet {SInv}
rElec   .          Harm     .   t - scarf {+Inv}
rCorr   .          Rampage  .   v - +0 pair of gloves
Will    ++...                   (no boots)
Stlth   ..........              (no amulet)
HPRegen 0.00/turn               w - ring of flight
MPRegen 0.09/turn               (no ring)

@: flying, slowed, studying Summonings, very slow
A: damage resistance, heal wounds, sense surroundings 2, no regeneration
a: Heal Wounds, Renounce Religion, Evoke Invisibility, Minor Destruction


You were on level 8 of the Dungeon.
You worshipped Makhleb.
Makhleb was pleased with you.
You visited 2 branches of the dungeon, and saw 9 of its levels.
You also visited: Ossuary.

You collected 385 gold pieces.

Inventory:

Hand Weapons
 r - a +3 vampiric long sword (weapon)
   (You found it on level 4 of the Dungeon)
Missiles
 n - 3 datura-tipped darts
 q - 28 poisoned darts (quivered)
 s - 4 throwing nets
 C - a curare-tipped dart
Armour
 c - a +0 buckler (worn)
 p - a +0 chain mail of willpower (worn)
   (You found it on level 3 of the Dungeon)
 t - a scarf of invisibility (worn)
   (You found it on level 4 of the Dungeon)
 u - a +2 helmet of see invisible (worn)
   (You found it on level 3 of the Dungeon)
 v - a +0 pair of gloves (worn)
   (You found it on level 5 of the Dungeon)
Jewellery
 h - a ring of fire
   (You found it on level 6 of the Dungeon)
 w - a ring of flight (left hand)
   (You found it on level 5 of the Dungeon)
Wands
 b - a wand of iceblast (8)
   (You took it off Ijyb on level 4 of the Dungeon)
 D - a wand of acid (13)
   (You found it on level 7 of the Dungeon)
Scrolls
 j - 3 scrolls of blinking {unknown}
 l - a scroll of summoning {unknown}
 m - a scroll of teleportation {unknown}
 x - 3 scrolls of noise {unknown}
 y - a scroll of enchant armour {unknown}
Potions
 a - a potion of berserk rage {unknown}
 d - 5 potions of might
 e - 2 potions of magic {unknown}
 f - 3 potions of heal wounds {unknown}
 g - 4 potions of flight
 i - 9 potions of curing {@q1}
 k - a potion of haste {unknown}
 o - a potion of cancellation {unknown}
 z - a potion of invisibility {unknown}
 A - a potion of mutation {unknown}
 B - a potion of attraction {unknown}


   Skills:
 + Level 5.0 Fighting
 * Level 9.6 Long Blades
 - Level 3.1(3.5) Axes
 - Level 2.2(3.0) Maces & Flails
 - Level 4.9 Armour
 + Level 1.5 Dodging
 + Level 6.1 Stealth
 - Level 5.9 Shields
 + Level 1.8 Summonings
 + Level 4.9 Invocations


You had 6 spell levels left.
You knew the following spells:

 Your Spells              Type           Power      Damage    Failure   Level
a - Call Imp              Summ           4%         N/A       95%         2

Your spell library contained the following spells:

 Spells                   Type           Power      Damage    Failure   Level
 Magic Dart               Conj           0%         1d3       98%         1
 Ensorcelled Hibernation  Hex/Ice        0%         N/A       99%         2
 Passwall                 Tmut/Erth      0%         N/A       99%         2
 Gell's Gravitas          Tloc           0%         N/A       100%        3
 Mephitic Cloud           Conj/Pois/Air  0%         N/A       100%        3
 Swiftness                Air            0%         N/A       100%        3
 Teleport Other           Tloc           0%         N/A       100%        3
 Dispersal                Tloc           0%         N/A       100%        6


Dungeon Overview and Level Annotations

Branches:
Dungeon (8/15)             Temple (1/1) D:5         Ossuary (visited)
   Lair: D:8-11

Altars:
Ashenzari
Cheibriados
Dithmenos
Hepliaklqana
Kikubaaqudgha
Makhleb
Nemelex Xobeh
Okawaru
Qazlal
Ru
Sif Muna
Uskayaw
Vehumet
Xom
Yredelemnul
Zin
The Shining One

Shops:
D:5 ((

Annotations:
D:3 kelmiir's ghost, amateur GnTm


Innate Abilities, Weirdness & Mutations

You are resistant to damage.
You can heal yourself by infusing magical energy.
You passively map the area around you.
You do not regenerate.


Message History

You hit the bullfrog.
You feel better. The bullfrog hits you.
You hit the bullfrog.
The bullfrog hits you but does no damage. x2
You closely miss the bullfrog.
The bullfrog hits you but does no damage.
You hit the bullfrog.
You feel better. The bullfrog closely misses you. The bullfrog hits you!
You barely miss the bullfrog. The bullfrog barely misses you.
You hit the bullfrog but do no damage.
The bullfrog hits you but does no damage.
You hit the bullfrog.
You feel better. The bullfrog hits you.
The bullfrog hits you but does no damage.
You slash the bullfrog!
You feel better.
You kill the bullfrog!
Makhleb accepts your kill.
You feel better.
No target in view!
You see here a bullfrog corpse.
You see here a bullfrog corpse.
Done exploring.
Done exploring.
Done exploring.
Done exploring.
Things that are here:
a +0 whip of electrocution; a +0 robe; a wand of paralysis (1)
There is a stone staircase leading down here.
You fly downwards.
There is a stone staircase leading up here.
An orc comes into view. It is wielding a +0 trident.
The orc shouts!
An orc warrior comes into view. It is wielding a +0 glaive.
There are monsters nearby!
There are monsters nearby!
There are monsters nearby!
An orc wizard comes into view. It is wielding a +0 dagger.
The orc warrior shouts!
A hornet comes into view.
The hornet barely misses you.
The orc warrior hits you with a +0 glaive!
You hit the hornet but do no damage. The hornet stings you.
You feel yourself slow down.
The orc warrior hits you but does no damage.
The hornet stings you.
You feel as though you will be slow longer.
You barely miss the hornet. The orc hits you but does no damage.
The orc wizard hits you but does no damage.
The hornet stings you but does no damage.
The orc warrior barely misses you. The orc barely misses you.
You block the orc wizard's attack.
The hornet stings you but does no damage.
You hit the hornet.
You feel better.
The hornet stings you but does no damage.
The orc warrior barely misses you. The orc barely misses you.
The orc wizard hits you but does no damage.
The hornet stings you.
You feel as though you will be slow longer.
You barely miss the hornet. The orc warrior barely misses you.
The hornet stings you.
You feel as though you will be slow longer.
The orc barely misses you.
The orc wizard hits you with a +0 dagger.
The hornet misses you. You block the orc warrior's attack.
You block the orc's attack. You block the orc wizard's attack.
You closely miss the hornet. You block the hornet's attack.
The orc warrior completely misses you. The orc barely misses you.
The hornet stings you!
You are poisoned.
You feel as though you will be slow longer.
The orc wizard hits you but does no damage.
Unknown command.
The orc warrior barely misses you. The hornet stings you.
You are more poisoned.
You suddenly lose the ability to move!
The orc warrior hits you from afar with a +0 glaive!
* * * LOW HITPOINT WARNING * * *
The orc hits you but does no damage.
The orc wizard hits you but does no damage.
You can move again.
Unknown command.
The hornet barely misses you.
You hit the hornet.
The hornet stings you but does no damage.
You block the orc's attack.
The hornet stings you but does no damage.
The orc warrior hits you from afar with a +0 glaive!
* * * LOW HITPOINT WARNING * * *
The hornet barely misses you.
You fail to use your ability.
You block the hornet's attack.
The orc warrior hits you from afar with a +0 glaive.
* * * LOW HITPOINT WARNING * * *
You block the hornet's attack.
You feel much better. The hornet barely misses you.
The orc warrior hits you from afar with a +0 glaive!
* * * LOW HITPOINT WARNING * * *
The hornet stings you.
* * * LOW HITPOINT WARNING * * *
You feel as though you will be slow longer.
The orc warrior hits you but does no damage.
Your magical essence is drained by the effort!
You feel much better.
The hornet stings you but does no damage.
The hornet stings you!
You feel as though you will be slow longer.
You block the orc warrior's attack.
You closely miss the hornet.
The hornet stings you but does no damage.
The orc warrior hits you but does no damage.
The hornet stings you but does no damage.
You block the orc warrior's attack.
Okay, then.
Aim: a hornet (lightly wounded, 57% to hit)
The bolt of acid hits the hornet!
The acid corrodes the hornet!
The bolt of acid hits the orc warrior!
The acid corrodes the orc warrior!
The bolt of acid hits the orc!
The acid corrodes the orc!
You kill the orc!
Makhleb accepts your kill.
You feel better.
You are no longer poisoned.
The hornet stings you!
You feel as though you will be slow longer.
The hornet closely misses you. You block the orc warrior's attack.
The hornet completely misses you.
You barely miss the hornet. You block the hornet's attack.
The orc warrior closely misses you.
The hornet stings you but does no damage.
The orc warrior hits you but does no damage.
You closely miss the hornet.
The hornet stings you but does no damage.
The orc wizard gestures wildly while chanting.
The orc wizard flickers and vanishes for a moment.
The hornet barely misses you.
The orc warrior hits you but does no damage.
You completely miss the hornet. The hornet stings you!
* * * LOW HITPOINT WARNING * * *
You feel as though you will be slow longer.
You block the orc warrior's attack.
The hornet stings you but does no damage.
You barely miss the hornet. The hornet stings you.
* * * LOW HITPOINT WARNING * * *
You feel as though you will be slow longer.
You block the orc warrior's attack. The hornet stings you.
* * * LOW HITPOINT WARNING * * *
You feel as though you will be slow longer.
The orc warrior hits you from afar with a +0 glaive!
* * * LOW HITPOINT WARNING * * *
You drop an orange potion.
You block the hornet's attack. The hornet barely misses you.
The orc warrior hits you from afar with a +0 glaive!!
You die...

*+ * , #.#
######...###... , ,
* #..* #..###....#
...
+..###........##,...
,,,
,#..............# *,
##............## * ,
,,* ###...........#
, +**+ *
*+....#.......... ,
, ###.....##.......
*,, * ,
#@...####....... *
##y...# ........ ,,
, ,**#oo##.# .. , *
........)# ... , , ,
, ,................
, ,,* , ...........#
... , , , ,
...........#,..#
,*** ,........##.. ,
* , ......... ...,
** ,


You could see a hornet (corroded), an orc warrior (corroded) and an orc wizard
(invisible).

Vanquished Creatures
  Harold (D:7)
  Pikel (D:7)
  A shadow (D:7)
  Menkaure (D:7)
  An ice beast (D:7)
  An orc warrior (D:5)
  2 ogres (D:5)
  A necrophage (D:5)
  2 phantoms (D:5)
  2 lemures (D:7)
  2 elf zombies (Ossuary)
  2 kobold brigands
  A wyvern zombie (D:5)
  2 bullfrogs
  A water moccasin zombie (D:3)
  5 scorpions
  3 killer bees (D:7)
  3 wights (D:6)
  2 hounds
  A bullfrog zombie (D:5)
  3 jellies
  A centaur skeleton (D:7)
  2 centaur zombies (D:7)
  An orc priest (D:7)
  Jessica (D:2)
  An iguana (D:6)
  Ijyb (D:4)
  2 orc wizards (D:7)
  2 mummies (Ossuary)
  3 gnolls (D:2)
  A howler monkey skeleton (D:6)
  8 adders
  A shadow imp (D:6)
  A white imp (D:7)
  An ufetubus (D:5)
  An adder zombie (Ossuary)
  An adder skeleton (D:4)
  A worm (D:3)
  3 dart slugs
  6 orcs
  7 endoplasms
  5 giant cockroaches
  7 hobgoblins
  4 jackals
  5 quokkas
  9 ball pythons
  4 bats
  7 frilled lizards
  8 goblins
  A goblin zombie (Ossuary)
  9 hobgoblin zombies (Ossuary)
  4 jackal zombies (Ossuary)
  17 kobolds
  11 kobold zombies (Ossuary)
  8 orc zombies (Ossuary)
  3 rats (D:1)
  A rat zombie (Ossuary)
186 creatures vanquished.

Notes
Turn   | Place    | Note
-------+----------+-------------------------------------------
     0 | D:1      | CryoSword the Deep Dwarf Fighter began the quest for the
                  | Orb.
     0 | D:1      | Reached XP level 1. HP: 20/20 MP: 1/1
    81 | D:1      | Reached XP level 2. HP: 15/21 MP: 2/2
   403 | D:1      | Reached XP level 3. HP: 13/29 MP: 3/3
   418 | D:2      | Found a faded altar of an unknown god.
   507 | D:2      | Reached XP level 4. HP: 10/42 MP: 3/3
   830 | D:2      | Noticed Jessica
   838 | D:2      | Killed Jessica
  1296 | D:3      | Reached skill level 1 in Maces & Flails
  1296 | D:3      | Reached XP level 5. HP: 40/49 MP: 4/4
  1867 | D:3      | Found a stormy altar of Qazlal.
  1990 | D:3      | Found a runed translucent gate.
  1990 | D:3      | Found a runed translucent gate.
  1990 | D:3      | Found a runed translucent gate.
  1991 | D:3      | Noticed kelmiir's ghost (amateur GnTm)
  2326 | D:4      | Noticed Ijyb
  2342 | D:4      | Killed Ijyb
  2343 | D:4      | Reached XP level 6. HP: 32/57 MP: 5/5
  2427 | D:4      | Reached skill level 5 in Shields
  2995 | D:3      | Reached skill level 1 in Long Blades
  2995 | D:3      | Reached skill level 1 in Stealth
  3091 | D:5      | Entered Level 5 of the Dungeon
  3100 | D:5      | Reached XP level 7. HP: 52/64 MP: 6/6
  3112 | D:5      | Reached skill level 2 in Long Blades
  3188 | D:5      | Found Nikizit's Weapon Shoppe.
  3233 | D:5      | Reached skill level 3 in Long Blades
  3284 | D:5      | Found a shimmering altar of Xom.
  3342 | D:5      | Reached XP level 8. HP: 31/73 MP: 6/6
  3359 | D:5      | Found a staircase to the Ecumenical Temple.
  3368 | Temple   | Entered the Ecumenical Temple
  3421 | Temple   | Became a worshipper of Makhleb the Destroyer
  3493 | D:5      | Found a sand-covered staircase.
  3497 | Ossuary  | Entered an ossuary
  3535 | Ossuary  | Identified a scroll of acquirement
  3535 | Ossuary  | Acquired a manual of Summonings
  3684 | Ossuary  | Reached * piety under Makhleb
  3700 | Ossuary  | Reached skill level 4 in Long Blades
  3838 | Ossuary  | Reached skill level 5 in Long Blades
  3988 | D:5      | Found Qathraass's Antique Weapon Emporium.
  4088 | D:5      | Reached skill level 6 in Long Blades
  4317 | D:5      | Found an iron altar of Okawaru.
  4317 | D:5      | Found a hide-covered altar of Uskayaw.
  4662 | D:6      | Reached skill level 7 in Long Blades
  4838 | D:6      | Reached ** piety under Makhleb
  5015 | D:6      | Found a shadowy altar of Dithmenos.
  5164 | D:7      | Found a sacrificial altar of Ru.
  5344 | D:7      | Noticed Menkaure
  5374 | D:7      | Reached skill level 1 in Invocations
  5377 | D:7      | Killed Menkaure
  5378 | D:7      | Reached skill level 8 in Long Blades
  5378 | D:7      | Gained mutation: You passively map the area around you.
                  | [Deep Dwarf growth]
  5378 | D:7      | Reached XP level 9. HP: 27/80 MP: 5/7
  5437 | D:7      | Noticed Harold
  5460 | D:7      | Killed Harold
  5461 | D:7      | Reached skill level 9 in Long Blades
  5461 | D:7      | Reached skill level 5 in Stealth
  5690 | D:7      | Learned a level 2 spell: Call Imp
  5902 | D:7      | Found a shimmering blue altar of Sif Muna.
  5902 | D:7      | Found a radiant altar of Vehumet.
  5916 | D:7      | Noticed Pikel
  5975 | D:7      | Killed Pikel
  5976 | D:7      | Reached skill level 5 in Fighting
  5976 | D:7      | Reached skill level 1 in Dodging
  5976 | D:7      | Reached skill level 1 in Summonings
  6178 | D:8      | Paralysed by a hornet for 1 turns
  6190 | D:8      | Slain by an orc warrior

Illustrated notes

Levels and vault maps discovered:
D:1:      amcnicky_arrival_underground_garden, layout_rooms
D:2:      layout_basic, hellmonk_ecumenical_altar_run_dry, uniq_jessica
D:3:      minmay_wonky_spiral, layout_loops_corners, lemuel_round_altar,
          gammafunk_ghost_nasty_kobolds
D:4:      layout_cave_pools, uniq_ijyb
D:5:      layout_loops_ring, xom_teletrap_fun,
          gammafunk_temple_overflow_elements, minmay_temple_entry_nine_rooms,
          serial_shops, kennysheep_mini, nicolae_shop_bloodbath_and_beyond,
          enter_ossuary_5, minivault_19, chequers_serial_rivers_small_3
D:6:      layout_cave_pools, lemuel_coloured_pillars_altar
D:7:      layout_basic, lemuel_round_altar, grunt_temple_overflow_open,
          grunt_decor_resistance, uniq_harold, uniq_menkaure, uniq_pikel
D:8:      layout_cave_pools, mainiacjoe_overflow_24_doors, minmay_statues_item,
          hangedman_decor_riveting
Temple:   compressed_dpeg_triangle_lava_temple

Skill      XL: |  1  2  3  4  5  6  7  8  9 |
---------------+----------------------------+-----
Fighting       | 3 4 5 |  5.0
Axes           | 3 |  3.1
Shields        | 4 5 |  5.9
Armour         | 4 |  4.9
Maces & Flails | 1 2 |  2.2
Long Blades    | 1 3 8 9 |  9.6
Stealth        | 1 3 6 |  6.1
Invocations    | 1 4 |  4.9
Dodging        | 1 |  1.5
Summonings     | 1 |  1.8

Action                   |  1- 3 |  4- 6 |  7- 9 || total
-------------------------+-------+-------+-------++-------
Melee: War axe           |    17 |       |       ||    17
       Dagger            |    63 |       |       ||    63
       Whip              |    14 |   161 |       ||   175
       Long sword        |       |    48 |   499 ||   547
Throw: Dart              |       |       |    10 ||    10
 Abil: Heal Wounds       |     1 |     4 |    10 ||    15
Evoke: Wand              |       |       |     1 ||     1
  Use: Scroll            |       |     2 |     6 ||     8
Armor: Scale mail        |    34 |    36 |       ||    70
       Chain mail        |       |    62 |   275 ||   337
Dodge: Dodged            |    44 |    72 |   146 ||   262
Block: Buckler           |    24 |    38 |   142 ||   204
